 Dungeon Crawl Stone Soup version 0.29-a0-824-gd827844252 (webtiles) character file.

Game seed: 17688492276818299131

849 killozap the Conjurer (level 8, -8/50 (52) HPs)
             Began as an Octopode Conjurer on July 10, 2022.
             Mangled by Crazy Yiuf
             ... wielding a +4 quarterstaff of chaos
              (13 damage)
             ... on level 4 of the Dungeon.
             The game lasted 00:18:35 (5055 turns).

killozap the Conjurer (Octopode Conjurer)           Turns: 5055, Time: 00:18:35

HP:   -8/50 (52)    AC:  2    Str:  6    XL:     8   Next: 1%
MP:   4/13          EV: 14    Int: 23    God:
Gold: 975           SH:  0    Dex: 13    Spells: 8/14 levels left

rFire   . . .      SeeInvis .   k - +8 dagger of a ziggurat {spect, Dex+3}
rCold   . . .      Faith    .   (no shield)
rNeg    . . .      Spirit   .   f - +1 hat
rPois   .          Reflect  .   (no amulet)
rElec   .          Harm     .   (no ring)
rCorr   .          Rampage  .   (no ring)
Will    .....                   (no ring)
Stlth   +++.......              (no ring)
HPRegen 0.16/turn               (no ring)
MPRegen 0.13/turn               (no ring)
                                (no ring)
                                (no ring)

@: hasted, lightly drained, very quick
A: almost no armour, amphibious, 8 rings, camouflage 1, gelatinous body 1,
(nimble swimmer 1), tentacles
a: no special abilities


You were on level 4 of the Dungeon.
You visited 2 branches of the dungeon, and saw 6 of its levels.

You collected 975 gold pieces.

Inventory:

Hand Weapons
 k - the +8 dagger of a ziggurat (weapon) {spect, Dex+3}
   (You found it on level 2 of the Dungeon)

   When its wielder attacks, the weapon's spirit leaps out and strikes again.
   The spirit shares a part of any damage it takes with its wielder.
   Dex:       It affects your dexterity (+3).
 l - the +7 mace of Variability {chain chaos}
   (You found it on level 2 of the Dungeon)

   Each time it hits an enemy it has a different, random effect.
   It occasionally unleashes arcs of chaos on nearby creatures upon striking a
   foe.
Missiles
 c - 4 javelins
 t - a throwing net
Armour
 f - a +1 hat (worn)
Jewellery
 i - a ring of fire
Wands
 e - a wand of mindburst (6)
 q - a wand of iceblast (11)
Scrolls
 g - a scroll of blinking
 h - a scroll of enchant armour
 j - a scroll of teleportation
 n - a scroll of enchant weapon
 r - a scroll of immolation
 s - 2 scrolls of fog {unknown}
 u - a scroll of vulnerability {unknown}
 x - a scroll of amnesia {unknown}
Potions
 a - a potion of magic
 b - a potion of haste
 d - 2 potions of curing
 m - 2 potions of ambrosia
 o - 3 potions of attraction
 p - 2 potions of brilliance {unknown}
 v - a potion of berserk rage {unknown}
 w - 2 potions of invisibility {unknown}
 z - 2 potions of lignification {unknown}
 A - 2 potions of degeneration {unknown}


   Skills:
 + Level 3.5 Fighting
 + Level 4.1 Dodging
 - Level 2.6 Stealth
 + Level 3.8 Spellcasting
 * Level 6.7 Conjurations
 - Level 2.0 Hexes


You had 8 spell levels left.
You knew the following spells:

 Your Spells              Type           Power      Damage    Failure   Level
a - Magic Dart            Conj           100%       1d8       1%          1
b - Searing Ray           Conj           70%        2d7       1%          2
c - Dazzling Flash        Conj/Hex       48%        N/A       5%          3

Your spell library contained the following spells:

 Spells                   Type           Power      Damage    Failure   Level
 Conjure Flame            Conj/Fire      19%        6-21      9%          3
 Fulminant Prism          Conj/Hex       12%        3d9       19%         4
 Iskenderun's Mystic Bla  Conj/Tloc      19%        2d6       26%         4
 Sticky Flame             Conj/Fire      19%        2d4       26%         4
 Gell's Gravitas          Tloc           4%         N/A       32%         3
 Ignite Poison            Fire/Tmut/Pois 4%         N/A       32%         3
 Lesser Beckoning         Tloc           4%         N/A       32%         3
 Teleport Other           Tloc           4%         N/A       32%         3


Dungeon Overview and Level Annotations

Branches:
Dungeon (5/15)             Temple (1/1) D:4

Altars:
Ashenzari
Cheibriados
Dithmenos
Elyvilon
Fedhas
Hepliaklqana
Kikubaaqudgha
Makhleb
Nemelex Xobeh
Okawaru
Qazlal
Sif Muna
Trog
Uskayaw
Wu Jian
Xom
Yredelemnul
Zin
The Shining One

Shops:
D:2 !   D:5 *

Annotations:
D:4 Crazy Yiuf


Innate Abilities, Weirdness & Mutations

You cannot wear most types of armour.
You are amphibious.
You can wear up to eight rings at the same time.
Your skin changes colour to match your surroundings (Stealth+).
Your rubbery body absorbs attacks. (AC +1, EV +1)
((You are camouflaged when in or above water. (Stealth+)))
You have tentacles for arms and can constrict up to eight enemies at once.


Message History

Unknown command.
You open the door.
Casting: Dazzling Flash (dangerous; 5% risk of failure)
Confirm with . or Enter, or press ? or * to list all spells.
Casting: Dazzling Flash (dangerous; 5% risk of failure)
Press: ? - help, Dir - look around, f - activate Crazy Yiuf shouts!
Crazy Yiuf hits you with a +4 quarterstaff of chaos!!
You feel drained.
Casting: Dazzling Flash (dangerous; 5% risk of failure)
Confirm with . or Enter, or press ? or * to list all spells.
Casting: Dazzling Flash (dangerous; 5% risk of failure)
Press: ? - help, Dir - look around, f - activate Crazy Yiuf is dazzled.
Crazy Yiuf hits you with a +4 quarterstaff of chaos!
You hit Crazy Yiuf. You grab Crazy Yiuf.
Crazy Yiuf is lightly wounded.
You constrict Crazy Yiuf.
Crazy Yiuf laughs, "Proton!"
Crazy Yiuf hits you with a +4 quarterstaff of chaos!
* * * LOW HITPOINT WARNING * * *
You feel your power leaking away.
Okay, then.
Okay, then.
Press: ? - help, v - describe, . - travel The floor.
Unknown command.
Okay, then.
You feel yourself speed up.
You constrict Crazy Yiuf.
Crazy Yiuf is no longer blind.
Crazy Yiuf drinks a potion.
Crazy Yiuf seems to speed up.
You release your grip on Crazy Yiuf.
Crazy Yiuf attacks as you move away! Crazy Yiuf closely misses you.
Okay, then.
You feel better.
Crazy Yiuf yells, "Tosser!
Trifle sallow cower."
Crazy Yiuf hits you with a +4 quarterstaff of chaos!
* * * LOW HITPOINT WARNING * * *
You are electrocuted!
You die...

..........#
#.....#
..###.#####
#####
#####.#
......#
#)..# #.#
.####.#
#...# #.#
.# #.# ...
#.# ## #.#
#'# #.# #.#
♣.♣♣ #.#
#.#####
♣♣g♣ #.#
#.....#
♣@♣♣ #.#
#####.#####
♣♣.♣ #.###
......#
♣♣.♣♣ #...#
#######
♣♣P..♣
###.#
♣PPP.♣ #.#
#+..+# #.#
#....####
#)#
#...###.#
#.# #..##
#.# #.#


You could see Crazy Yiuf (fast).

Vanquished Creatures
  Duvessa (D:4)
  An ogre (D:4)
  Blork the orc (D:4)
  A scorpion (D:5)
  2 necrophages (D:5)
  Dowan (D:4)
  A howler monkey (D:3)
  An iguana (D:4)
  Natasha (thrice) (D:3)
  2 orc wizards (D:4)
  Ijyb (D:3)
  4 adders
  4 worms
  5 dart slugs
  6 orcs
  8 bats
  6 endoplasms
  7 giant cockroaches
  5 goblins
  5 hobgoblins
  A quokka (D:5)
  10 ball pythons
  4 frilled lizards
  11 kobolds
  5 rats
96 creatures vanquished.

Notes
Turn   | Place    | Note
-------+----------+-------------------------------------------
     0 | D:1      | killozap the Octopode Conjurer began the quest for the Orb.
     0 | D:1      | Reached XP level 1. HP: 11/11 MP: 3/3
   194 | D:1      | Reached XP level 2. HP: 18/18 MP: 3/5
   347 | D:1      | Learned a level 2 spell: Searing Ray
   598 | D:1      | Reached XP level 3. HP: 22/22 MP: 3/6
   642 | D:1      | Found a faded altar of an unknown god.
   658 | D:1      | Reached skill level 1 in Fighting
  1299 | D:2      | Reached XP level 4. HP: 28/28 MP: 1/7
  1537 | D:2      | Found Gogumm's Distillery.
  1557 | D:2      | Identified the +8 dagger of a ziggurat {spect, Dex+3}
  1593 | D:2      | Found the +7 mace of Variability {chain chaos}
  1847 | D:3      | Noticed Ijyb
  1977 | D:3      | Reached skill level 5 in Conjurations
  1977 | D:3      | Reached XP level 5. HP: 32/34 MP: 6/9
  2159 | D:3      | Noticed Natasha
  2163 | D:3      | Killed Natasha
  2172 | D:3      | Learned a level 3 spell: Dazzling Flash
  2234 | D:3      | Killed Ijyb
  2235 | D:3      | Noticed Natasha
  2483 | D:3      | Killed Natasha
  2625 | D:3      | Noticed Natasha
  2627 | D:3      | Killed Natasha
  2628 | D:3      | Reached XP level 6. HP: 39/39 MP: 10/10
  2984 | D:4      | Identified a scroll of acquirement
  2989 | D:4      | Acquired 726 gold pieces
  3023 | D:4      | Found a staircase to the Ecumenical Temple.
  3030 | D:4      | Noticed Blork the orc
  3032 | Temple   | Entered the Ecumenical Temple
  3468 | D:4      | Reached skill level 1 in Hexes
  3782 | D:5      | Entered Level 5 of the Dungeon
  3875 | D:5      | Found a glowing silver altar of Zin.
  3901 | D:5      | Reached XP level 7. HP: 37/45 MP: 5/11
  4001 | D:5      | Reached skill level 6 in Conjurations
  4341 | D:5      | Found Dikisim's CLEARANCE SALE!.
  4462 | D:4      | Killed Blork the orc
  4830 | D:4      | Noticed Duvessa
  4830 | D:4      | Noticed Dowan
  4834 | D:4      | Killed Dowan
  4840 | D:4      | Killed Duvessa
  4841 | D:4      | Reached XP level 8. HP: 52/52 MP: 5/13
  4923 | D:4      | Found a runed translucent door.
  4924 | D:4      | Noticed Crazy Yiuf
  5055 | D:4      | Mangled by Crazy Yiuf

Illustrated notes

Levels and vault maps discovered:
D:1:      co_arrival_square_in_a_square_in_a_square, layout_rooms,
          nicolae_ecumenical_snake_handling
D:2:      layout_basic, serial_shops, shop
D:3:      minmay_chambers_of_threes, layout_rooms, minmay_stone_trees_medium,
          uniq_natasha, uniq_ijyb
D:4:      layout_loops_ring, minmay_temple_entry_slanted, uniq_duvessa,
          uniq_blork_the_orc, uniq_crazy_yiuf_cottage
D:5:      layout_rooms, mainiacjoe_overflow_concentric_impassable,
          nicolae_shop_clearance
Temple:   mainiacjoe_temple_bowtie_tessellation

Skill      XL: |  1  2  3  4  5  6  7 |
---------------+----------------------+-----
Fighting       | 1 2 3 |  3.5
Conjurations   | 5 6 |  6.7
Dodging        | 3 4 |  4.1
Spellcasting   | 3 |  3.8
Hexes          | 1 2 |  2.0
Stealth        | |  2.6

Action                   |  1- 3 |  4- 6 |  7- 9 || total
-------------------------+-------+-------+-------++-------
Melee: Hand axe          |     5 |       |       ||     5
       Tentacles         |     4 |     8 |     2 ||    14
       Constrict         |     2 |    12 |     5 ||    19
       Dagger            |    12 |    32 |    14 ||    58
 Cast: Magic Dart        |    64 |    56 |    21 ||   141
       Searing Ray       |     1 |     3 |     4 ||     8
       Dazzling Flash    |       |       |     3 ||     3
  Use: Scroll            |       |    12 |       ||    12
       Potion            |       |       |     2 ||     2
 Stab: Sleeping          |     2 |     1 |       ||     3
       Invisible         |       |       |     1 ||     1
Armor: Skin              |     1 |     2 |     1 ||     4
Dodge: Dodged            |    15 |    19 |    18 ||    52

Table legend: (Time is in decaauts)
 A = Elapsed time spent in this place.
 B = Non-inter-level travel time spent in this place.
 C = Inter-level travel time spent in this place.
 D = Time resting spent in this place.
 E = Time spent auto-exploring this place.
 F = Levels seen in this place.
 G = Mean time per level.
                   A        B        C        D        E       F      G
               +--------+--------+--------+--------+--------+-----+--------+
         Total |   5058 |   4918 |    140 |    598 |   3465 |   6 |  843.0 |
       Dungeon |   4771 |   4661 |    110 |    558 |   3263 |   5 |  954.2 |
        Temple |    287 |    257 |     30 |     40 |    202 |   1 |  287.0 |
               +--------+--------+--------+--------+--------+-----+--------+

Top non-repeatable levels by time:
     D:2: 1203 daAuts
     D:4: 1114 daAuts
     D:1: 913 daAuts
     D:3: 865 daAuts
     D:5: 673 daAuts
  Temple: 287 daAuts
